 Dungeon Crawl Stone Soup version 0.21-a0-591-g2314aa1 (webtiles) character file.

15 M4edhros the Charlatan (level 2, -1/18 HPs)
             Began as an Octopode Artificer on Dec 22, 2017.
             Slain by a worm (12 damage)
             ... on level 2 of the Dungeon.
             The game lasted 00:00:52 (167 turns).

M4edhros the Charlatan (Octopode Artificer)          Turns: 167, Time: 00:00:52

Health: -1/18      AC:  1    Str: 11    XL:     2   Next: 50%
Magic:  4/4        EV: 13    Int: 13    God:
Gold:   22         SH:  0    Dex: 12    Spells: 1/1 levels left

rFire    . . .     SeeInvis .   a - +0 short sword
rCold    . . .     Gourm    .   (no shield)
rNeg     . . .     Faith    .   (helmet restricted)
rPois    .         Spirit   .   h - amulet of inaccuracy (curse)
rElec    .         Reflect  .   (no ring)
rCorr    .         Harm     .   (no ring)
MR       .....                  (no ring)
Stlth    +++.......             (no ring)
HPRegen  0.06/turn              (no ring)
MPRegen  0.09/turn              (no ring)
                                (no ring)
                                (no ring)

@: no status effects
A: almost no armour, stealthy swim, amphibious, 8 rings, constrict 8, camouflage
1, gelatinous body 1
a: no special abilities


You were on level 2 of the Dungeon.
You were not hungry.

You visited 1 branch of the dungeon, and saw 2 of its levels.

You collected 22 gold pieces.

Inventory:

Hand Weapons
 a - a +0 short sword (weapon)
Jewellery
 h - a cursed amulet of inaccuracy (around mantle)
Wands
 b - a wand of flame (14)
 c - a wand of enslavement (13)
 d - a wand of random effects (13)
Potions
 e - a potion of flight {unknown}
 g - a potion of curing {unknown}
 i - a potion of lignification {unknown}
Comestibles
 f - a ration


   Skills:
 - Level 1.0 Fighting
 - Level 1.0 Short Blades
 + Level 2.3 Dodging
 + Level 2.2 Stealth
 + Level 3.6 Evocations


You had one spell level left.
You didn't know any spells.

Dungeon Overview and Level Annotations

Branches:
Dungeon (2/15)

Altars:
Cheibriados
The Shining One


Innate Abilities, Weirdness & Mutations

You cannot wear most types of armour.
You are very stealthy in the water. (Stealth+)
You are amphibious.
You can wear up to eight rings at the same time.
You can use your tentacles to constrict eight enemies at once.
Your skin changes colour to match your surroundings (Stealth+).
Your rubbery body absorbs attacks. (AC +1, EV +1)


Message History

Found 18 gold pieces.
A worm comes into view.
You feel a bit more experienced.
You see here 18 gold pieces.
You see here 18 gold pieces.
You now have 22 gold pieces (gained 18).
There is a stone staircase leading down here.
You see here 17 arrows.
A kobold comes into view.
The helpless kobold fails to defend itself.
You puncture the kobold!
You kill the kobold!
You see here 5 stones.
Found 13 gold pieces.
Found 15 stones.
You enter a teleport trap!
The teleport trap disappears.
Your surroundings suddenly seem different.
The worm bites you!
Ouch! That really hurt!
You die...

≈≈≈≈**,,* #####.# ######.##.
≈≈≈**,,,*****#.....# #.........
****,,,,,,,,**,**#<#####.....####
,,,,,,,,,,,..,,* #...........#
*,,,,,,,,,,,#..###.#####...(.#
*****,,,****#.....†# #.....#***
#...* #.##.#.# ##...##*,, #...*
#.##.#.#####.###.#*,*
##..S#####...@w..†.#.#####.#,*
*.......##.#..#.........#*.#,*
*,#......#.#..#....#.##.#*,#,*
*,#...............>##.#,#,**,* **
*,#........#S###.#.#*#..,***,* ,*
*,#........#.......# *#..,,,,* ,*
**#######.<......### *###****
,****##>##*#......###
,,,*#8...8*#..###.#


You could see a worm and an adder (wandering).

Vanquished Creatures
  A worm (D:2)
  A dart slug (D:1)
  A leopard gecko (D:1)
  A ball python (D:1)
  2 bats
  2 kobolds
8 creatures vanquished.

Vanquished Creatures (collateral kills)
  A worm (D:2)
  A rat (D:2)
2 creatures vanquished.

Grand Total: 10 creatures vanquished

Notes
Turn   | Place    | Note
-------+----------+-------------------------------------------
     0 | D:1      | M4edhros the Octopode Artificer began the quest for the Orb.
     0 | D:1      | Reached XP level 1. HP: 13/13 MP: 3/3
    73 | D:1      | Reached XP level 2. HP: 15/18 MP: 4/4
   109 | D:2      | Found a snail-covered altar of Cheibriados.
   111 | D:2      | Found a glowing golden altar of the Shining One.
   167 | D:2      | Slain by a worm

Vault maps used:
D:1:      roderic_crop_circles_arrival_small
D:2:      kennysheep_big_flooded_room, nicolae_overflow_hidden_temple,
          uniq_robin

Skill      XL: |  1 |
---------------+----+-----
Stealth        | 2 |  2.2
Fighting       | |  1.0
Short Blades   | |  1.0
Dodging        | |  2.3
Evocations     | |  3.6

Action                   || total
-------------------------++-------
Melee: Short sword       ||    16
       Constrict         ||     4
       Tentacles         ||     3
Evoke: Wand              ||     5
  Use: Scroll            ||     1
 Stab: Sleeping          ||     3
Armor: Skin              ||     2
Dodge: Dodged            ||     8

Table legend:
 A = Spawn XP
 B = Non-spawn XP
 C = Spawn XP percentage of total XP
 D = Spawn monster count
 E = Non-spawn monster count
 F = Spawn count percentage of total count
 G = Total turns spent on level
                    A         B        C        D         E        F      G
               +---------+---------+-------+---------+---------+-------+---------
         Total |       0 |      22 |   0.0 |       0 |      10 |   0.0 |   167
               +---------+---------+-------+---------+---------+-------+---------
           D:1 |       0 |      10 |   0.0 |       0 |       5 |   0.0 |    77
           D:2 |       0 |      12 |   0.0 |       0 |       5 |   0.0 |    90
               +---------+---------+-------+---------+---------+-------+---------
